 Dungeon Sprint DCSS version 0.29.1-12-g30fa7ad0bf (webtiles) character file.

Game seed: 12268424688978093454

101 112233 the Basher (level 4, -4/44 HPs)
             Began as an Ogre Gladiator on Dec 25, 2022.
             Was a Follower of the Shining One.
             Slain by an orc warrior
             ... wielding a +0 trident
              (12 damage)
             ... in the Dungeon (Sprint IX: "|||||||||||||||||||||||||||||").
             The game lasted 00:00:49 (351 turns).

112233 the Basher (Ogre Gladiator)                   Turns: 351, Time: 00:00:49

Health: -4/44      AC: 10    Str: 20    XL:     4   Next: 75%
Magic:  4/4        EV: 10    Int:  9    God:    the Shining One [*.....]
Gold:   0          SH:  0    Dex: 10    Spells: 3/3 levels left

rFire   . . .      SeeInvis .   m - +2 morningstar (protect)
rCold   . . .      Faith    .   (no shield)
rNeg    . . .      Spirit   .   b - +0 robe
rPois   .          Reflect  .   c - +0 hat
rElec   .          Harm     .   (no cloak)
rCorr   .          Rampage  .   (gloves unavailable)
Will    .....      NoTele   +   (boots unavailable)
Stlth   +.........              (no amulet)
HPRegen 0.14/turn               (no ring)
MPRegen 0.09/turn               (no ring)

@: under a protective aura, glowing
A: large, unfitting armour, tough skin 1
a: Renounce Religion, Divine Shield


You were in the Dungeon.
You worshipped the Shining One.
The Shining One was aware of your devotion.
You visited 1 branch

Inventory:

Hand Weapons
 a - a +0 flail
 m - a +2 morningstar of protection (weapon)
Missiles
 d - 3 throwing nets (quivered)
 e - a large rock
Armour
 b - a +0 robe (worn)
 c - a +0 hat (worn)
 n - a +0 cloak
Jewellery
 o - a +2 ring of protection
 p - a +2 ring of evasion
Wands
 l - a wand of quicksilver (10)
Scrolls
 j - 2 scrolls of amnesia
 k - 2 scrolls of blinking
Potions
 f - 3 potions of curing
 g - 3 potions of heal wounds
 h - a potion of haste
 i - 4 potions of magic


   Skills:
 - Level 2.9 Fighting
 + Level 8.5 Maces & Flails
 - Level 2.1 Throwing
 - Level 3.0 Dodging


You had 3 spell levels left.
You didn't know any spells.
Your spell library was empty.

Dungeon Overview and Level Annotations

Branches:
Dungeon (1/1)

Altars:
Cheibriados
Dithmenos
Elyvilon
Fedhas
Gozag
Hepliaklqana
Kikubaaqudgha
Makhleb
Nemelex Xobeh
Okawaru
Qazlal
Ru
Sif Muna
Trog
Uskayaw
Vehumet
Wu Jian
Xom
Yredelemnul
Zin
The Shining One
Jiyva
Lugonu


Innate Abilities, Weirdness & Mutations

You are too large for most types of armour.
You have tough skin. (AC +1)


Message History

You see here a +1 scale mail.
o - a +2 ring of protection
p - a +2 ring of evasion
Okay, then.
You open the door.
You and your allies can now gain power from killing the unholy and evil.
You can now call upon the Shining One for a divine shield.
A howler monkey, 3 orcs, a shadow and a yak come into view.
The orc warrior shouts!
The howler monkey howls!
The orc wizard shouts!
The howler monkey hoots and howls with incredible vigour!
You hear a roar!
You sock the yak!
Your weapon exudes an aura of protection.
The yak is moderately wounded.
The yak gores you.
The orc warrior hits you but does no damage.
The shadow slips into darkness.
The shadow flickers and vanishes!
Deactivating autopickup; reactivate with Ctrl-A.
The yak gores you.
The orc warrior hits you from afar with a +0 trident!
Unknown command.
You feel better. The yak misses you.
The orc warrior hits you from afar with a +0 trident.
You hit the yak.
The yak is moderately wounded.
The orc warrior hits you from afar with a +0 trident.
The orc wizard mumbles some strange words.
The orc wizard flickers and vanishes!
The yak gores you!
The howler monkey hoots and howls with incredible vigour!
You puncture the yak!
The yak is heavily wounded.
The orc warrior barely misses you. The yak gores you!
Unknown command.
You hit the yak.
The yak is severely wounded.
The yak gores you!
* * * LOW HITPOINT WARNING * * *
The orc warrior hits you from afar with a +0 trident!
You die...

▓.▓
▓o▓
▓h▓
▓{▓
▓{▓
▓o▓
▓Y▓
▓@▓
▓.▓
▓[▓
▓[▓
▓.▓
▓.▓
▓)▓
▓.▓
▓!▓


You could see a yak, 2 orc warriors and a howler monkey (catching breath).

Vanquished Creatures
  A scorpion (D)
  An iguana (D)
  A dart slug (D)
  An orc (D)
  2 endoplasms (D)
  A goblin (D)
  2 jackals (D)
  A bat (D)
10 creatures vanquished.

Notes
Turn   | Place    | Note
-------+----------+-------------------------------------------
     0 | D        | 112233 the Ogre Gladiator began the quest for the Orb.
     0 | D        | Reached XP level 1. HP: 22/22 MP: 1/1
     6 | D        | Reached skill level 3 in Maces & Flails
    14 | D        | Reached skill level 4 in Maces & Flails
    59 | D        | Noticed a scorpion
    59 | D        | Noticed an iguana
    65 | D        | Reached XP level 2. HP: 26/29 MP: 2/2
    73 | D        | Reached skill level 6 in Maces & Flails
    73 | D        | Reached XP level 3. HP: 20/36 MP: 3/3
    78 | D        | Killed a scorpion
    79 | D        | Reached skill level 8 in Maces & Flails
    79 | D        | Reached XP level 4. HP: 18/44 MP: 4/4
   298 | D        | Found a snail-covered altar of Cheibriados.
   298 | D        | Found a shadowy altar of Dithmenos.
   298 | D        | Found a white marble altar of Elyvilon.
   298 | D        | Found a blossoming altar of Fedhas.
   298 | D        | Found an opulent altar of Gozag.
   299 | D        | Found a hazy altar of Hepliaklqana.
   300 | D        | Found a viscous altar of Jiyva.
   301 | D        | Found an ancient bone altar of Kikubaaqudgha.
   302 | D        | Found a corrupted altar of Lugonu.
   303 | D        | Found a burning altar of Makhleb.
   304 | D        | Found a sparkling altar of Nemelex Xobeh.
   305 | D        | Found an iron altar of Okawaru.
   306 | D        | Found a stormy altar of Qazlal.
   307 | D        | Found a sacrificial altar of Ru.
   308 | D        | Found a shimmering blue altar of Sif Muna.
   309 | D        | Found a bloodstained altar of Trog.
   310 | D        | Found a hide-covered altar of Uskayaw.
   311 | D        | Found a radiant altar of Vehumet.
   312 | D        | Found an ornate altar of the Wu Jian Council.
   313 | D        | Found a shimmering altar of Xom.
   314 | D        | Found a basalt altar of Yredelemnul.
   315 | D        | Found a glowing silver altar of Zin.
   316 | D        | Found a glowing golden altar of the Shining One.
   324 | D        | Became a worshipper of the Shining One
   346 | D        | Noticed an orc warrior
   346 | D        | Noticed a shadow
   346 | D        | Reached * piety under the Shining One
   346 | D        | Noticed an orc warrior
   346 | D        | Noticed a yak
   351 | D        | Slain by an orc warrior

Illustrated notes

Levels and vault maps discovered:
D:        linesprint [early_d, line_temple, items_1, d_10, items_2, lair_1,
          lair_end, items_3, orc_1, orc_end, items_4, d_15, swamp_1, shoals_1,
          snake_1, spider_1, d_20, vaults_1, items_5, swamp_end, shoals_end,
          snake_end, spider_end, vaults_end, d_27, items_6, zot_1, zot_end,
          crypt_end, forest_end, elf_end, slime_end, tomb_end, abyss_end,
          pan_hell_end]

Skill      XL: |  1  2  3 |
---------------+----------+-----
Maces & Flails | 4 6 8 |  8.5
Dodging        | 3 |  3.0
Fighting       | |  2.9
Throwing       | |  2.1

Action                   |  1- 3 |  4- 6 || total
-------------------------+-------+-------++-------
Melee: Flail             |    24 |     3 ||    27
       Morningstar       |       |     4 ||     4
  Use: Potion            |     2 |     1 ||     3
Armor: Robe              |     4 |     2 ||     6
Dodge: Dodged            |    10 |     3 ||    13
